Map: Jagannatha LE

Players

Scarlett - Winner!

  • Race: Zerg Zerg
  • League: Master
  • Spawn Location: 1:00

Nina

  • Race: Protoss Protoss
  • League: Grandmaster
  • Spawn Location: 7:00

Event: DreamHack SC2 Masters 2020 Winter

VOD

Have the link to the VOD?

Description

Time

  • Played on: Nov. 6, 2020, 3:52 p.m.
  • Length: 20:40

All games in this series

Show
View Real Time Build Order
Export as new Build Order

Scarlett Zerg - Winner!

Build Orders: Hatch First, Lurkers 

Get SALT Encoding   

  12  0:00  Drone  
  13  0:12  Overlord  
  13  0:16  Drone  
  14  0:30  Drone x2  
  16  0:40  Drone  
  17  0:48  Drone  
  18  0:55  Hatchery  
  17  0:58  Drone  
  18  1:08  Extractor  
  17  1:13  Spawning Pool  
  17  1:16  Drone  
  17  1:20  Drone  
  18  1:28  Drone  
  19  1:38  Drone  
  20  1:49  Overlord  
  20  1:59  Queen  
  22  2:06  Queen  
  22  2:07  Zergling x4  
  26  2:11  Drone  
  26  2:14  Metabolic Boost  
  27  2:18  Drone  
  28  2:23  Drone  
  28  2:29  Drone  
  30  2:37  Drone  
  30  2:39  Overlord  
  31  2:45  Queen  
  31  2:47  Overlord  
  33  2:54  Drone x2  
  35  3:07  Drone x2  
  35  3:09  Drone x3  
  39  3:18  Extractor  
  38  3:22  Drone, Hatchery, Overlord  
  38  3:23  Drone  
  38  3:27  Queen  
  38  3:31  Drone  
  38  3:32  Evolution Chamber  
  40  3:37  Queen  
  40  3:39  Drone  
  43  3:41  Drone  
  44  3:48  Overlord  
  44  3:49  Drone  
  44  3:53  Drone  
  44  3:54  Drone  
  44  3:55  Drone x2  
  49  4:02  Zerg Melee Weapons Level 1  
  49  4:05  Overlord  
  49  4:06  Drone  
  49  4:08  Queen  
  52  4:14  Queen  
  52  4:17  Overlord  
  54  4:23  Overlord  
  54  4:25  Drone x3  
  54  4:27  Zergling x2  
  58  4:33  Zergling x2  
  58  4:38  Zergling x8  
  58  4:45  Drone, Spore Crawler  
  59  4:46  Drone x4  
  61  4:53  Drone x2, Spore Crawler  
  61  4:58  Extractor  
  61  5:00  Drone x2, Baneling Nest  
  61  5:04  Drone  
  63  5:11  Drone x4  
  67  5:16  Overlord  
  67  5:17  Drone x4  
  71  5:22  Overlord  
  71  5:26  Drone x3  
  71  5:27  Drone  
  75  5:32  Overlord  
  75  5:34  Drone  
  75  5:35  Zergling x6  
  79  5:41  Zergling x2  
  80  5:42  Lair  
  80  5:47  Zergling x4  
  83  5:50  Zergling x12  
  83  5:54  Zergling x4  
  86  6:01  Zergling x8  
  90  6:05  Baneling x7  
  90  6:08  Baneling x4  
  90  6:09  Zergling x4  
  92  6:14  Hatchery  
  92  6:17  Zergling x8  
  94  6:20  Drone  
  81  6:37  Drone  
  81  6:38  Drone x3  
  81  6:39  Drone  
  78  6:41  Zergling x10  
  78  6:42  Zerg Melee Weapons Level 2  
  83  6:48  Zergling x4  
  83  6:51  Baneling  
  83  6:52  Baneling x3  
  83  6:53  Zergling x4  
  87  6:56  Zergling x8  
  88  7:10  Zergling x6  
  84  7:16  Drone x5  
  84  7:19  Extractor  
  84  7:21  Hydralisk Den  
  84  7:22  Extractor  
  80  7:23  Drone x3  
  80  7:24  Drone  
  80  7:27  Drone x3  
  84  7:31  Extractor  
  84  7:32  Extractor  
  84  7:36  Drone  
  84  7:37  Drone x4  
  86  7:44  Spore Crawler  
  86  7:45  Drone x2  
  86  7:46  Centrifical Hooks  
  86  7:47  Drone  
  88  7:53  Drone x7  
  95  8:02  Overlord  
  95  8:04  Muscular Augments, Hydralisk x2  
  99  8:06  Drone  
  99  8:07  Drone x5  
  99  8:08  Extractor  
  104  8:15  Hydralisk x3  
  104  8:16  Overseer  
  109  8:21  Hydralisk x2  
  109  8:22  Zergling x10  
  109  8:24  Overlord  
  118  8:27  Hatchery  
  117  8:36  Zergling x2, Hydralisk  
  117  8:38  Overlord x2  
  120  8:42  Overlord  
  120  8:43  Overlord  
  120  8:47  Drone x3, Extractor  
  120  8:48  Pneumatized Carapace  
  122  8:49  Drone  
  122  8:50  Hydralisk x2  
  127  8:58  Zergling x2, Hydralisk x7  
  127  8:59  Zergling x4  
  144  9:05  Zerg Missile Weapons Level 1, Zergling x6  
  144  9:06  Zergling x8  
  151  9:13  Baneling x4  
  151  9:23  Baneling x5  
  151  9:24  Baneling x7, Overlord x2  
  151  9:25  Zergling x18  
  151  9:30  Baneling x4  
  160  9:37  Overlord  
  160  9:42  Hatchery  
  159  9:46  Baneling x16, Overlord  
  159  9:47  Overlord  
  159  9:48  Overlord  
  159  9:56  Baneling x8  
  159  10:00  Hydralisk x2  
  159  10:01  Zergling x20  
  173  10:13  Grooved Spines  
  173  10:14  Infestation Pit  
  173  10:21  Zergling x34  
  187  10:25  Baneling x9  
  187  10:26  Baneling  
  185  10:31  Spine Crawler  
  185  10:32  Spine Crawler  
  185  10:34  Spore Crawler, Spine Crawler  
  175  10:43  Baneling x18  
  175  10:44  Zergling x2  
  175  10:47  Drone x2  
  159  10:58  Hydralisk x6  
  159  10:59  Zergling x2  
  153  11:07  Hydralisk x4  
  144  11:20  Zerg Missile Weapons Level 2, Hive  
  134  11:27  Drone x12  
  146  11:39  Baneling x12  
  145  11:40  Overseer  
  145  11:45  Lurker Den  
  144  11:48  Spine Crawler  
  144  11:50  Spore Crawler, Hydralisk x3  
  144  11:51  Zergling x6  
  151  11:58  Zergling x14  
  158  12:10  Zergling x14, Overseer  
  158  12:13  Baneling x8  
  165  12:18  Baneling x14  
  165  12:19  Zergling x10  
  170  12:29  Zergling x22  
  181  12:38  Drone x3, Extractor  
  181  12:39  Drone x3, Extractor  
  181  12:43  Overlord  
  184  12:45  Zergling x10  
  184  12:50  Adrenal Glands, Seismic Spines  
  185  12:56  Evolution Chamber, Lurker x3  
  187  13:05  Overlord, Overseer  
  187  13:08  Extractor  
  187  13:10  Spore Crawler, Extractor, Spine Crawler  
  187  13:11  Lurker  
  187  13:12  Lurker x3  
  185  13:17  Baneling x8  
  185  13:22  Lurker  
  186  13:32  Zerg Ground Armor Level 1  
  183  13:37  Drone x6  
  183  13:38  Drone  
  190  13:44  Lurker x5  
  195  13:52  Zerg Missile Weapons Level 3  
  195  13:54  Spine Crawler x2  
  193  14:02  Adaptive Talons  
  186  14:07  Zergling x2  
  186  14:08  Zergling x30  
  200  14:10  Overseer  
  200  14:15  Baneling x10  
  200  14:21  Overlord  
  200  14:23  Spire  
  200  14:24  Spire  
  186  14:44  Zergling x32  
  185  14:54  Hydralisk x4  
  185  14:55  Zergling x22  
  187  15:04  Drone x10  
  187  15:05  Drone  
  175  15:07  Extractor  
  175  15:11  Hydralisk x8  
  172  15:24  Drone x6  
  175  15:29  Extractor  
  170  15:43  Hydralisk x8  
  181  15:55  Hydralisk x8  
  181  15:56  Hydralisk x2  
  195  16:01  Hydralisk x2  
  189  16:12  Viper, Zerg Flyer Weapons Level 1, Zerg Flyer Armor Level 1  
  189  16:13  Viper x2  
  189  16:18  Overlord x2  
  198  16:21  Overlord  
  195  16:27  Zerg Ground Armor Level 2, Spine Crawler  
  195  16:28  Spine Crawler  
  193  16:33  Overlord x2  
  174  16:43  Hydralisk x9  
  144  16:54  Corruptor x4  
  144  16:55  Overseer  
  144  16:57  Zergling x8  
  156  17:10  Lurker x2  
  156  17:12  Lurker  
  156  17:13  Lurker x6  
  156  17:14  Zergling x14  
  156  17:15  Zergling x8  
  176  17:29  Lurker x3, Hydralisk x3  
  179  17:36  Corruptor  
  185  17:37  Corruptor x2  
  185  17:39  Hatchery  
  185  17:41  Extractor  
  189  17:46  Overseer, Overlord  
  189  17:47  Overseer x2  
  189  17:58  Corruptor x2  
  189  17:59  Corruptor x3  
  198  18:11  Corruptor x4  
  200  18:17  Zerg Flyer Weapons Level 2, Zerg Flyer Armor Level 2  
  197  18:45  Extractor  
  194  18:56  Corruptor x2  
  161  19:19  Corruptor x9  
  161  19:20  Corruptor x3  
  173  19:33  Hydralisk x10  
  173  19:34  Zergling x22  
  181  20:04  Lurker  
  181  20:05  Lurker x9  
  191  20:15  Zergling x16  
Show
View Real Time Build Order
Export as new Build Order

Nina Protoss 

Build Orders: 1 Gate Expand, Oracle Opening, Archon Immortal, Carriers 

Get SALT Encoding   

  12  0:00  Probe  
  13  0:14  Pylon  
  13  0:18  Probe  
  14  0:30  Probe (Chrono Boost)  
  15  0:36  Gateway  
  15  0:42  Probe (Chrono Boost)  
  16  0:47  Probe (Chrono Boost)  
  17  0:51  Assimilator  
  17  0:57  Probe  
  18  1:09  Probe  
  19  1:21  Probe  
  20  1:30  Nexus  
  20  1:40  Cybernetics Core  
  20  1:41  Probe  
  21  1:49  Assimilator  
  21  1:53  Probe  
  22  1:57  Pylon  
  22  2:05  Probe  
  23  2:13  Adept (Chrono Boost)  
  23  2:17  Probe  
  23  2:22  Stargate  
  27  2:33  Pylon  
  27  2:35  Probe  
  27  2:36  Adept (Chrono Boost)  
  29  2:46  Pylon  
  29  2:48  Probe  
  29  2:50  Probe  
  30  2:52  Warp Gate  
  30  2:58  Void Ray (Chrono Boost)  
  30  3:00  Probe  
  30  3:02  Probe  
  32  3:12  Probe  
  37  3:14  Probe  
  37  3:24  Probe  
  37  3:26  Probe  
  37  3:32  Adept  
  37  3:34  Gateway  
  39  3:36  Probe  
  39  3:38  Probe  
  39  3:39  Oracle (Chrono Boost)  
  41  3:46  Pylon  
  41  3:48  Probe  
  45  3:51  Probe  
  46  4:03  Pylon  
  46  4:04  Probe x2  
  46  4:06  Oracle (Chrono Boost)  
  51  4:16  Probe x2  
  53  4:17  Pylon  
  53  4:25  Twilight Council  
  53  4:28  Probe x2  
  55  4:36  Gateway  
  55  4:37  Gateway  
  55  4:41  Probe  
  55  4:43  Probe  
  57  4:50  Nexus  
  57  4:53  Probe  
  57  4:57  Adept x2  
  62  5:02  Assimilator, Probe  
  62  5:04  Assimilator  
  62  5:05  Pylon  
  63  5:07  Probe  
  63  5:13  Resonating Glaives (Chrono Boost)  
  64  5:19  Probe  
  65  5:23  Adept x2  
  65  5:27  Probe  
  70  5:29  Pylon  
  70  5:32  Adept x2  
  70  5:35  Probe  
  75  5:42  Probe  
  74  5:55  Adept  
  74  5:56  Adept x3  
  82  5:59  Shield Battery  
  82  6:00  Probe  
  82  6:03  Probe  
  84  6:11  Robotics Facility x2  
  84  6:12  Probe x2  
  84  6:15  Probe  
  84  6:17  Adept x2  
  84  6:18  Adept  
  91  6:19  Adept  
  93  6:27  Pylon  
  83  6:33  Probe  
  83  6:35  Probe  
  83  6:38  Adept x3  
  83  6:39  Probe  
  88  6:45  Adept  
  90  6:47  Pylon  
  90  6:49  Probe  
  90  6:50  Forge, Probe  
  90  6:51  Probe  
  90  6:53  Charge  
  93  7:00  Pylon  
  93  7:01  Probe  
  74  7:24  Probe  
  75  7:33  Probe, Sentry x2, Immortal x2 (Chrono Boost)  
  75  7:34  Adept  
  75  7:35  Assimilator  
  75  7:36  Assimilator  
  86  7:37  Protoss Ground Weapons Level 1, Probe  
  86  7:40  Probe  
  86  7:41  Templar Archives  
  86  7:44  Gateway  
  88  7:45  Gateway, Probe  
  88  7:47  Gateway  
  88  7:49  Probe  
  90  7:52  Gateway, Probe  
  90  7:53  Gateway  
  90  7:56  Pylon  
  90  7:57  Probe  
  92  8:02  Probe  
  92  8:04  Immortal (Chrono Boost)  
  92  8:05  Probe  
  94  8:08  Observer (Chrono Boost)  
  94  8:09  Probe  
  94  8:11  Psionic Storm  
  100  8:14  Probe  
  100  8:17  Pylon, Probe  
  102  8:21  Probe  
  102  8:23  High Templar x2  
  102  8:26  Probe  
  108  8:28  Photon Cannon  
  108  8:34  Gateway  
  108  8:38  Nexus  
  108  8:40  High Templar x2  
  112  8:44  Warp Prism (Chrono Boost)  
  114  8:50  Immortal (Chrono Boost)  
  118  8:59  High Templar, Pylon  
  118  9:00  High Templar  
  122  9:04  Archon  
  122  9:06  Pylon  
  122  9:07  Photon Cannon  
  122  9:14  Probe, Dark Shrine  
  123  9:20  Immortal  
  123  9:23  Immortal  
  131  9:27  Probe  
  131  9:29  Shield Battery  
  133  9:38  Probe  
  133  9:39  Photon Cannon, Probe  
  133  9:42  Assimilator, High Templar x2, Photon Cannon  
  138  9:46  Assimilator  
  138  9:47  Archon  
  138  9:48  Probe  
  138  9:50  Zealot  
  141  9:55  High Templar, Photon Cannon  
  141  9:59  Probe  
  144  10:09  High Templar x2  
  148  10:14  Archon  
  148  10:15  Photon Cannon  
  148  10:20  Stalker  
  148  10:21  Stalker x2  
  154  10:25  Stalker x3  
  156  10:36  Probe x2  
  156  10:40  Probe  
  156  10:41  Probe  
  156  10:42  High Templar  
  156  10:44  High Templar  
  156  10:47  Zealot x3  
  164  10:50  Archon  
  164  10:53  Probe x2  
  164  10:55  Probe  
  153  10:58  Archon  
  153  10:59  Zealot x2  
  153  11:00  Zealot x3  
  137  11:11  High Templar  
  119  11:20  Zealot x6  
  119  11:22  High Templar  
  129  11:34  High Templar  
  129  11:36  Immortal (Chrono Boost)  
  135  11:44  High Templar  
  135  11:47  Photon Cannon  
  137  11:52  Photon Cannon  
  137  11:53  Photon Cannon  
  137  11:54  Shield Battery  
  137  11:58  Dark Templar  
  137  11:59  Dark Templar  
  145  12:02  Photon Cannon, Nexus  
  145  12:04  Photon Cannon  
  145  12:07  Immortal (Chrono Boost)  
  145  12:10  Immortal (Chrono Boost)  
  149  12:21  Zealot x5  
  149  12:22  Zealot  
  161  12:32  Pylon  
  161  12:33  Blink  
  161  12:43  Pylon  
  161  12:45  Immortal  
  161  12:46  Pylon, Protoss Ground Weapons Level 2 (Chrono Boost)  
  161  12:48  Pylon  
  161  12:49  Pylon  
  153  12:52  High Templar x4  
  153  12:56  Archon x2  
  161  12:59  Shield Battery  
  161  13:00  Shield Battery  
  161  13:03  Photon Cannon  
  161  13:05  Photon Cannon  
  161  13:06  Photon Cannon  
  161  13:18  Zealot x3  
  161  13:19  Zealot x3  
  173  13:21  Observer  
  173  13:26  Zealot x4  
  181  13:45  High Templar x4  
  181  13:46  High Templar x2  
  181  13:47  Photon Cannon  
  193  13:50  Archon x2  
  193  13:51  Archon, Photon Cannon  
  193  13:52  Photon Cannon  
  193  13:53  Photon Cannon  
  193  13:54  Photon Cannon  
  169  14:07  Fleet Beacon  
  169  14:09  Stargate  
  163  14:10  Stargate  
  163  14:18  Probe x2  
  163  14:19  Probe  
  163  14:20  Assimilator  
  163  14:21  Assimilator  
  163  14:23  Protoss Air Weapons Level 1  
  166  14:25  High Templar x2  
  166  14:26  High Templar  
  165  14:40  Dark Templar  
  165  14:43  Zealot x6  
  161  14:59  Zealot x2  
  148  15:00  Probe  
  141  15:10  Tempest  
  141  15:11  Tempest x2  
  141  15:12  Zealot x2  
  141  15:13  Zealot x3  
  144  15:22  Immortal  
  144  15:23  Probe  
  144  15:24  Probe x3  
  138  15:28  High Templar x3  
  138  15:30  Probe  
  145  15:35  Probe  
  145  15:37  Zealot x2  
  145  15:38  Probe  
  145  15:42  Zealot x2  
  155  15:45  Probe  
  150  15:53  Immortal  
  154  15:57  Probe  
  155  16:06  Tempest  
  155  16:07  Probe  
  155  16:11  Carrier  
  161  16:14  Probe  
  149  16:22  High Templar x2  
  149  16:23  Probe  
  149  16:25  Photon Cannon  
  154  16:26  Photon Cannon, Probe  
  154  16:27  Probe  
  154  16:29  Archon  
  154  16:31  Probe  
  137  16:40  Zealot x6  
  139  16:48  Zealot  
  133  16:55  High Templar  
  133  16:56  Carrier (Chrono Boost), Probe  
  133  16:57  Probe x2  
  144  17:01  High Templar x3  
  144  17:03  Probe  
  151  17:10  Gateway  
  151  17:12  Zealot x2  
  155  17:19  Probe  
  155  17:21  Pylon  
  156  17:22  Dark Templar  
  156  17:27  Dark Templar  
  160  17:34  Protoss Air Weapons Level 2  
  160  17:36  Assimilator  
  160  17:37  Carrier (Chrono Boost)  
  172  17:55  Carrier (Chrono Boost)  
  172  17:56  Shield Battery x2  
  172  17:57  Photon Cannon  
  170  18:07  Carrier (Chrono Boost)  
  176  18:17  Pylon  
  176  18:26  Zealot x4  
  184  18:32  Carrier (Chrono Boost)  
  184  18:35  High Templar  
  184  18:36  High Templar  
  184  18:40  Archon  
  189  18:42  Photon Cannon  
  189  18:44  Photon Cannon  
  181  18:52  Oracle  
  181  18:53  High Templar  
  186  18:58  High Templar  
  149  19:13  Zealot x7  
  117  19:25  Archon  
  117  19:27  Stalker  
  98  19:32  Zealot  
  98  19:33  Zealot  
  88  19:38  Stalker x3  
  88  19:39  Stalker x2  
  88  19:43  Stalker  
  97  19:51  Stalker  
  96  19:59  Probe  
  97  20:01  Probe  
  97  20:03  Probe  
  99  20:07  Probe  
  99  20:08  Pylon  
  99  20:11  High Templar x4, Nexus  
  106  20:15  Zealot  
  106  20:18  Observer  
  108  20:25  Photon Cannon  
  108  20:27  Pylon  
  108  20:28  High Templar  
  108  20:32  High Templar  
Tags
 
Add a new tag
Caveats
  • Supply blocks, unpowered buildings, or Contaminate may cause inaccurate times.
  • Supply counts are checked every 10 seconds.